 Dungeon Crawl Stone Soup version 0.21-a0-110-g8e1637b (webtiles) character file.

2810 nikopol the Thaumaturge (level 9, -2/46 HPs)
             Began as a Deep Elf Fire Elementalist on July 7, 2017.
             Was a Believer of Vehumet.
             Slain by a troll (7 damage)
             ... on level 7 of the Dungeon on July 8, 2017.
             The game lasted 00:45:05 (9966 turns).

nikopol the Thaumaturge (DEFE)                      Turns: 9966, Time: 00:45:05

Health: -2/46      AC:  8    Str:  5    XL:     9   Next: 44%
Magic:  21/25      EV: 15    Int: 24    God:    Vehumet [**....]
Gold:   335        SH:  0    Dex: 15    Spells: 14/28 levels left

rFire    . . .     SeeInvis .   f - +2 dagger (elec)
rCold    . . .     Gourm    .   (no shield)
rNeg     . . .     Faith    .   F - +0 robe (curse)
rPois    .         Spirit   .   s - +1 helmet
rElec    .         Reflect  .   p - +0 cloak
rCorr    .         Harm     .   x - +1 pair of gloves
MR       .....                  B - +0 pair of boots (curse)
Stlth    +++.......             (no amulet)
HPRegen  0.15/turn              (no ring)
MPRegen  0.19/turn              (no ring)

@: no status effects
A: no striking features
a: Renounce Religion


You were on level 7 of the Dungeon.
You worshipped Vehumet.
Vehumet was pleased with you.
You were hungry.

You visited 2 branches of the dungeon, and saw 9 of its levels.
You also visited: Sewer.

You collected 335 gold pieces.

Inventory:

Hand Weapons
 e - a +0 short sword
 f - a +2 dagger of electrocution (weapon)
Armour
 d - a +0 pair of gloves
 p - a +0 cloak (worn)
 s - a +1 helmet (worn)
 x - a +1 pair of gloves (worn)
 y - a +0 robe
 B - a cursed +0 pair of boots (worn)
 F - a cursed +0 robe (worn)
Jewellery
 J - an uncursed ring of magical power {unknown}
Wands
 o - a wand of acid (12/15)
Scrolls
 h - 7 scrolls of remove curse
 i - 4 scrolls of teleportation
 u - 4 scrolls of fear {unknown}
 z - 5 scrolls of identify
 C - a scroll of blinking
 E - 4 scrolls of enchant armour
 G - a scroll of magic mapping {unknown}
 H - a scroll of enchant weapon {unknown}
Potions
 a - a potion of curing {unknown}
 g - 3 potions of haste
 j - 2 potions of resistance {unknown}
 m - 3 potions of mutation {unknown}
 n - 2 potions of heal wounds {unknown}
 q - 2 potions of magic {unknown}
 r - 4 potions of degeneration {unknown}
 t - a potion of agility {unknown}
 v - 4 potions of berserk rage {unknown}
 w - a potion of invisibility {unknown}
 A - a potion of flight {unknown}
 K - 2 potions of lignification {unknown}
Books
 b - a book of Flames

   Spells                             Type                      Level
   a - Flame Tongue                   Conjuration/Fire             1
   b - Throw Flame                    Conjuration/Fire             2
   c - Conjure Flame                  Conjuration/Fire             3
   d - Inner Flame                    Hexes/Fire                   3
   e - Sticky Flame                   Conjuration/Fire             4
   f - Fireball                       Conjuration/Fire             5
 D - a book of Maledictions

   Spells                             Type                      Level
   a - Corona                         Hexes                        1
   b - Ensorcelled Hibernation        Hexes/Ice                    2
   c - Confuse                        Hexes                        3
   d - Tukima's Dance                 Hexes                        3
   e - Dazzling Spray                 Conjuration/Hexes            3
 I - a book of Changes

   Spells                             Type                      Level
   a - Beastly Appendage              Transmutation                1
   b - Sticks to Snakes               Transmutation                2
   c - Spider Form                    Transmutation/Poison         3
   d - Ice Form                       Ice/Transmutation            4
   e - Blade Hands                    Transmutation                5
Comestibles
 c - 6 bread rations
 k - 2 royal jellies
 l - 5 meat rations


   Skills:
 + Level 0.8 Fighting
 + Level 1.2 Short Blades
 + Level 4.6 Dodging
 + Level 4.6 Stealth
 + Level 10.3 Spellcasting
 + Level 6.8 Conjurations
 + Level 1.1 Hexes
 + Level 8.2 Fire Magic


You had 14 spell levels left.
You knew the following spells:

 Your Spells              Type           Power        Failure   Level  Hunger
a - Flame Tongue          Conj/Fire      #####        1%          1    None
b - Throw Flame           Conj/Fire      #####.       1%          2    None
c - Conjure Flame         Conj/Fire      #####...     1%          3    None
d - Fireball              Conj/Fire      #####.....   6%          5    ####...
e - Dazzling Spray        Conj/Hex       ####..       3%          3    None


Dungeon Overview and Level Annotations

Branches:
Dungeon (8/15)             Temple (1/1) D:4
   Lair: D:8-11

Altars:
Ashenzari
Cheibriados
Dithmenos
Gozag
Hepliaklqana
Makhleb
Nemelex Xobeh
Okawaru
Qazlal
Ru
Sif Muna
Trog
Vehumet
Wu Jian
Xom
Yredelemnul
Zin
The Shining One

Shops:
D:6 (

Annotations:
D:5 5 runed doors


Message History

The troll completely misses you. The troll closely misses you.
The troll misses you.
Casting: Flame Tongue
Confirm with . or Enter, or press ? or * to list all spells.
Aiming: Flame Tongue
Press: ? - help, Shift-Dir - straight line, f/p - troll
Aim: a troll (moderately wounded)
The flame tongue hits the troll.
The troll is heavily wounded.
The troll closely misses you. The troll claws you! x2
* * * LOW HITPOINT WARNING * * *
Casting: Flame Tongue
Confirm with . or Enter, or press ? or * to list all spells.
Aiming: Flame Tongue
Press: ? - help, Shift-Dir - straight line, f/p - troll
Aim: a troll (heavily wounded)
The flame tongue hits the troll.
The troll is severely wounded.
The troll bites you!
You die...

#.##.#.#.#............
#####.#....#.###.#########
#.........................
#.##.......###.#.#########
#.##.......# #.#.# #
#.##.......# #.#.# #
#.##......## #.#.# #
#######.###.#.######.#.#########
#......>......T@................
#.#########.########.#.#########
#.# #.#..........###### # #.#
#.#.######........# # #.# #.#.#
########.# # #.# #.#.# ####.# #
#.# #.#.####### #....# # #.#
#.#.......####.##.#### #.#
#.#.###.............##


You could see a troll.

Vanquished Creatures
  Eustachio (D:4)
  Menkaure (D:4)
  A sky beast (D:5)
  A phantom (D:6)
  2 ogres (D:7)
  A centaur (D:5)
  A big kobold (D:7)
  2 bullfrogs
  2 scorpions
  4 wights (D:7)
  10 killer bees
  A howler monkey (D:7)
  A centaur zombie (D:7)
  4 crimson imps
  A jelly (D:6)
  A bullfrog zombie (D:6)
  A hound (D:6)
  3 orc priests
  9 orc wizards
  3 iguanas
  Terence (D:3)
  Natasha (D:2)
  4 worker ants
  Robin (D:2)
  4 gnolls (D:6)
  12 adders
  A river rat (D:3)
  2 oozes
  An adder skeleton (D:4)
  4 worms
  2 dart slugs (D:1)
  4 leopard geckos
  20 orcs
  10 ball pythons
  7 bats
  10 giant cockroaches
  14 goblins
  9 hobgoblins
  21 jackals
  8 quokkas
  7 frilled lizards
  2 goblin zombies (D:7)
  2 hobgoblin zombies (D:7)
  14 kobolds
  2 kobold skeletons (D:7)
  An orc skeleton (D:7)
  2 orc zombies (D:7)
  7 rats
223 creatures vanquished.

Vanquished Creatures (others)
  A plant (Sewer)
1 creature vanquished.

Grand Total: 224 creatures vanquished

Notes
Turn   | Place    | Note
-------+----------+-------------------------------------------
     0 | D:1      | nikopol the Deep Elf Fire Elementalist began the quest for the Orb.
     0 | D:1      | Reached XP level 1. HP: 10/10 MP: 6/6
   230 | D:1      | Reached XP level 2. HP: 15/15 MP: 6/8
   654 | D:1      | Learned a level 2 spell: Throw Flame
   866 | D:2      | Reached XP level 3. HP: 19/19 MP: 8/10
   869 | D:2      | Noticed Robin
  1027 | D:2      | Killed Robin
  1060 | D:2      | Reached skill level 4 in Spellcasting
  1234 | D:2      | Reached XP level 4. HP: 24/24 MP: 8/12
  1263 | D:2      | Found a burning altar of Makhleb.
  1413 | D:2      | Found a basalt altar of Yredelemnul.
  1448 | D:2      | Learned a level 3 spell: Conjure Flame
  1664 | D:2      | Noticed Natasha
  1671 | D:2      | Killed Natasha
  1828 | D:3      | Found an opulent altar of Gozag.
  1848 | D:3      | Found a glowing drain.
  1874 | Sewer    | Entered a sewer
  2152 | Sewer    | Reached XP level 5. HP: 28/28 MP: 8/14
  2356 | Sewer    | Reached skill level 5 in Spellcasting
  3180 | D:3      | Learned a level 5 spell: Fireball
  3274 | D:3      | Found a sacrificial altar of Ru.
  3451 | D:3      | Noticed Terence
  3468 | D:3      | Killed Terence
  3468 | D:3      | Reached skill level 5 in Fire Magic
  3570 | D:3      | Reached XP level 6. HP: 32/32 MP: 9/16
  3742 | D:3      | Found a shattered altar of Ashenzari.
  4241 | D:4      | Found a shadowy altar of Dithmenos.
  4290 | D:4      | Reached skill level 6 in Spellcasting
  4768 | D:4      | Reached XP level 7. HP: 36/36 MP: 14/19
  5005 | D:4      | Found a staircase to the Ecumenical Temple.
  5005 | D:4      | Noticed Eustachio
  5139 | D:4      | Killed Eustachio
  5139 | D:4      | Reached skill level 7 in Spellcasting
  5223 | Temple   | Entered the Ecumenical Temple
  5271 | Temple   | Became a worshipper of Vehumet
  5418 | D:4      | Found a snail-covered altar of Cheibriados.
  5432 | D:5      | Entered Level 5 of the Dungeon
  5432 | D:5      | Noticed Menkaure
  5446 | D:4      | Killed Menkaure
  5818 | D:5      | Found a runed gate.
  5828 | D:5      | Found a runed door.
  5836 | D:5      | Found a runed gate.
  5836 | D:5      | Found a runed gate.
  5846 | D:5      | Found a runed door.
  6104 | D:5      | Reached skill level 5 in Conjurations
  6104 | D:5      | Reached XP level 8. HP: 40/41 MP: 14/21
  6118 | D:5      | Learned a level 3 spell: Dazzling Spray
  6716 | D:6      | Reached skill level 8 in Spellcasting
  6795 | D:6      | Reached * piety under Vehumet
  6795 | D:6      | Offered knowledge of Sandblast by Vehumet.
  7193 | D:6      | Reached skill level 1 in Short Blades
  7559 | D:6      | Reached skill level 9 in Spellcasting
  7769 | D:6      | Found Ellaeqyj's Antique Weapon Emporium.
  7930 | D:7      | Found a glowing golden altar of the Shining One.
  8039 | D:7      | Offered knowledge of Throw Frost by Vehumet.
  8048 | D:7      | Reached ** piety under Vehumet
  8366 | D:7      | Reached XP level 9. HP: 39/46 MP: 15/24
  8454 | D:7      | Reached skill level 1 in Hexes
  9150 | D:7      | Reached skill level 10 in Spellcasting
  9554 | D:7      | Offered knowledge of Mephitic Cloud by Vehumet.
  9951 | D:8      | Noticed a troll
  9966 | D:7      | Slain by a troll

Vault maps used:
D:1:      dpeg_arrival_round_b
D:2:      yredelemnul_altar_generic, bloody_makhleb, uniq_robin, uniq_natasha
D:3:      nicolae_overflow_crystal_walls, ashenzari_conservatory_becter,
          nicolae_ru_great_annihilating_truth, portal_sewer_entry_c,
          uniq_terence
D:4:      nicolae_dithmenos_the_darkroom, kennysheep_mini_moat,
          minmay_temple_entry_enclosed_plants, first_bread, uniq_eustachio
D:5:      minmay_stone_trees_medium, minivault_25, supply_closet_lemuel,
          minmay_guarded_unrand_staff_of_olgreb, uniq_menkaure
D:6:      serial_shops, shop
D:7:      nicolae_tso_besieged_by_evil
D:8:      fedhas_altar_decomposition, lemuel_doored_altar, serial_shops,
          shop_fountains
Temple:   compressed_dpeg_circular_temple
Sewer:    sewer_co_scattered_pipes

Skill      XL: |  1  2  3  4  5  6  7  8  9 |
---------------+----------------------------+-----
Fire Magic     | 4 5 6 7 8 |  8.2
Conjurations   | 2 3 5 6 |  6.8
Spellcasting   | 4 5 6 7 9 10 | 10.3
Stealth        | 3 4 |  4.6
Dodging        | 3 4 |  4.6
Short Blades   | 1 |  1.2
Hexes          | 1 |  1.1
Fighting       | |  0.8

Action                   |  1- 3 |  4- 6 |  7- 9 || total
-------------------------+-------+-------+-------++-------
Melee: Dagger            |       |     6 |    14 ||    20
 Cast: Flame Tongue      |    68 |   151 |   284 ||   503
       Throw Flame       |       |    19 |    12 ||    31
       Conjure Flame     |       |     2 |    11 ||    13
       Dazzling Spray    |       |       |     9 ||     9
       Fireball          |       |       |     2 ||     2
  Use: Scroll            |       |     5 |     1 ||     6
  Eat: Chunk             |     1 |    11 |    15 ||    27
       Fruit             |       |       |     1 ||     1
Armor: Robe              |     2 |    11 |    34 ||    47
Dodge: Dodged            |    12 |    32 |    72 ||   116
